 Dungeon Crawl Stone Soup version 0.19-a0-805-g0a78ef0 (webtiles) character file.

65 Stormbringer the Insei (level 3, -2/29 HPs)
             Began as a Mummy Monk on June 27, 2016.
             Killed from afar by an orc wizard (16 damage)
             ... with a puff of flame
             ... on level 3 of the Dungeon.
             The game lasted 00:02:58 (3134 turns).

Stormbringer the Insei (Mummy Monk)                 Turns: 3134, Time: 00:02:59

Health: -2/29      AC:  0    Str: 14    XL:     3   Next: 92%
Magic:  3/3        EV: 13    Int:  9    God:
Gold:   91         SH:  0    Dex: 15    Spells: 0 memorised, 2 levels left

rFire  x . .     SeeInvis .       - Unarmed
rCold  + . .     Gourm    .     (no armour)
rNeg   + + +     Faith    .     (no shield)
rPois  ∞         Spirit   .     (no helmet)
rElec  .         Dismiss  .     (no cloak)
rCorr  .         Reflect  .     (no gloves)
SustAt .         Harm     .     (no boots)
MR     .....                    (no amulet)
Stlth  +.........               (no ring)
                                (no ring)

@: confused, not resistant to hostile enchantments, very unstealthy
A: no food or potions, fire vulnerability, cold resistance 1, negative energy
resistance 3, torment resistance, unbreathing
a: no special abilities


You were on level 3 of the Dungeon.
You were not hungry.

You visited 1 branch of the dungeon, and saw 3 of its levels.

You collected 91 gold pieces.


Innate Abilities, Weirdness & Mutations

You do not eat or drink.
Your flesh is vulnerable to fire.
You are immune to poison.
Your flesh is cold resistant. (rC+)
You are immune to negative energy. (rN+++)
You are immune to unholy pain and torment.
You can survive without breathing.


   Skills:
 - Level 3.0 Fighting
 - Level 2.4 Dodging
 - Level 1.5 Stealth
 + Level 0.1 Shields
 - Level 4.0 Unarmed Combat


You had 2 spell levels left.
You didn't know any spells.

Inventory:

Missiles
 h - 3 curare-tipped needles (quivered) {=f}
Armour
 j - a +0 buckler {Thing of beauty}
Scrolls
 b - a scroll of blinking {unknown}
 c - a scroll of fog {unknown}
 d - 2 scrolls of remove curse {unknown}
 e - a scroll of enchant weapon
 f - 2 scrolls of amnesia
 g - 2 scrolls of enchant armour
 i - a scroll of fear
 k - a scroll of immolation {unknown}
 l - a scroll of magic mapping

Dungeon Overview and Level Annotations

Branches:
Dungeon (3/15)

Altars:
Sif Muna

▒▒▒▒▒ ▒▒▒▒ ▒▒...▒▒...▒
▒▒..........
▒...........
▒...........
▒...........
▒.......... ▒. ▒oM[..▒
▒. ▒o▒▒▒.▒ ▒.▒▒ ▒)▒
▒.▒ ▒..▒ ▒.▒ ▒.▒ ▒.▒▒▒
▒▒.▒ ▒.▒ ▒...▒
▒..▒▒▒.▒▒▒
▒▒▒▒▒▒.▒.▒▒▒........▒▒
▒....................▒
▒......o.............▒


You could see an orc priest and an orc wizard.


Message History

Things that are here:
a hand axe; a leather armour; an orc corpse You start resting!
HP restored!
There is a stone staircase leading down here!
You climb downwards!
The orc priest shouts!!!
The orc wizard hits you with a dagger!
There is a stone staircase leading up here!
You squash the orc wizard like an ant!
The orc wizard is lightly wounded!
The orc wizard points at you and mumbles some strange words!
The magic dart hits you!!!
You pummel the orc wizard like a punching bag!
The orc wizard is lightly wounded!
The orc wizard hits you with a dagger!
The orc priest looks braver for a moment!
The orc wizard gestures at you while chanting!
You are confused!
In your confused state, you trip and fall back down the stairs!
The orc priest casts a cantrip, but nothing happens!
Unknown command!
The orc wizard gestures at you while chanting!
You resist with some effort!
In your confused state, you trip and fall back down the stairs! * * * don't die
* * * The orc wizard casts a spell at you!
The puff of flame hits you!!! The fire burns you terribly!!!
DANG rip

Action                   || total
-------------------------++-------
Melee: Unarmed           ||   127
       Punch             ||     1
  Use: Scroll            ||     5
 Stab: Sleeping          ||     7
Dodge: Dodged            ||    68

Vault maps used:
D:1:      mrwooster_arrival_statue, hangedman_decor_lopped
D:2:      lemuel_crystal_altar, first_bread
D:3:      old_standard_altar, minmay_misc_feat_roman

Notes
Turn   | Place    | Note
--------------------------------------------------------------
     0 | D:1      | Stormbringer the Mummy Monk began the quest for the Orb.
     0 | D:1      | Reached XP level 1. HP: 18/18 MP: 1/1
   277 | D:1      | Reached XP level 2. HP: 19/24 MP: 2/2
   407 | D:1      | Reached skill level 3 in Unarmed Combat
  1631 | D:2      | Reached XP level 3. HP: 24/29 MP: 3/3
  2259 | D:2      | Found a deep blue altar of Sif Muna.
  2963 | D:3      | Reached skill level 4 in Unarmed Combat
  3134 | D:3      | Killed from afar by an orc wizard

Vanquished Creatures
  An adder (D:2)
  3 oozes
  4 giant geckos
  5 orcs
  2 goblins
  6 hobgoblins
  5 kobolds (D:2)
  A ball python (D:1)
  3 bats
  4 giant newts
  2 rats (D:1)
36 creatures vanquished.
